 Dungeon Crawl Stone Soup version 0.28-a0-674-gdaf460b524 (webtiles) character file.

Game seed: 9587267331145459189

71033 jasper the Cruncher (level 14, -7/115 HPs)
             Began as a Demonspawn Necromancer on Oct 17, 2021.
             Was the Champion of Qazlal.
             Mangled by an orc knight (16 damage)
             ... on level 2 of the Orcish Mines.
             The game lasted 00:49:46 (27124 turns).

jasper the Cruncher (Demonspawn Necromancer)       Turns: 27124, Time: 00:49:47

Health: -7/115     AC: 28    Str: 14    XL:     14   Next: 96%
Magic:  22/22      EV: 14    Int: 25    God:    Qazlal [******]
Gold:   133        SH:  8    Dex: 13    Spells: 1/23 levels left

rFire   . . .      SeeInvis +   m - +5 quarterstaff (vorpal)
rCold   . . .      Faith    .   (shield currently unavailable)
rNeg    . . .      Spirit   .   C - +3 swamp dragon scales
rPois   +          Reflect  .   S - +0 helmet
rElec   .          Harm     .   r - +2 cloak {rCorr}
rCorr   +          Rampage  .   (no gloves)
Will    +....                   a - +2 pair of boots
Stlth   +.........              (no amulet)
HPRegen 0.29/turn               j - +4 ring of protection
MPRegen 0.18/turn               h - ring of Ettar {Wiz Int+4 SInv}

@: protected from physical damage, very slightly contaminated, repel missiles
A: powered by pain 1, augmentation 1, big brain 2, demonic magic 3, demonic
touch 2
a: Renounce Religion, Upheaval, Elemental Force, Disaster Area


You were on level 2 of the Orcish Mines.
You worshipped Qazlal.
Qazlal was exalted by your worship.
You visited 4 branches of the dungeon, and saw 22 of its levels.

You collected 1765 gold pieces.
You spent 1632 gold pieces at shops.

Inventory:

Hand Weapons
 c - a +2 antimagic spear
 m - a +5 vorpal quarterstaff (weapon)
 D - a +0 quarterstaff
 M - a +0 quarterstaff of freezing
Missiles
 d - 3 throwing nets
 q - 65 poisoned darts
 v - 11 curare-tipped darts
Armour
 a - a +2 pair of boots (worn)
 r - a +2 cloak of preservation (worn)
 C - +3 swamp dragon scales (worn)
 P - +0 acid dragon scales
 S - a +0 helmet (worn)
Jewellery
 h - the ring of Ettar (right hand) {Wiz Int+4 SInv}
   (You found it on level 5 of the Dungeon)

   [ring of wizardry]

   It improves your spell success rate.
   Int:       It affects your intelligence (+4).
   SInv:      It lets you see invisible.
 j - a +4 ring of protection (left hand)
 x - a +4 ring of protection
 y - the ring "Kelig" {*Corrode rElec rPois Will+ SInv}
   (You bought it in a shop on level 2 of the Orcish Mines)

   [ring of poison resistance]

   rElec:     It insulates you from electricity.
   rPois:     It protects you from poison.
   SInv:      It lets you see invisible.
   *Corrode:  It may corrode you when you take damage.
   Will:      It increases your willpower.
 B - a ring of resist corrosion
 J - a ring of protection from cold
 L - a ring of ice
Wands
 l - a wand of polymorph (26)
 t - a wand of mindburst (11)
 A - a wand of charming (6)
 E - a wand of iceblast (26)
 I - a wand of paralysis (12)
 K - a wand of flame (17)
 Q - a wand of acid (12)
Scrolls
 k - 4 scrolls of magic mapping
 F - a scroll of amnesia
 G - 3 scrolls of teleportation
 R - 2 scrolls of enchant weapon
 T - a scroll of blinking
 W - 6 scrolls of identify
 X - a scroll of fog
Potions
 b - a potion of ambrosia
 f - 3 potions of mutation
 g - 11 potions of lignification
 i - 2 potions of brilliance
 n - a potion of resistance
 o - 2 potions of flight
 p - 12 potions of curing
 s - 3 potions of magic
 u - 7 potions of might
 w - 2 potions of haste
 O - 3 potions of invisibility
 U - a potion of cancellation
 Y - 2 potions of attraction
Miscellaneous
 V - a tin of tremorstones (2/2)
 Z - a phial of floods


   Skills:
 + Level 12.0 Fighting
 - Level 2.2(9.3) Maces & Flails
 - Level 13.9(14.0) Staves
 + Level 9.4 Armour
 + Level 9.5 Dodging
 - Level 1.7 Stealth
 + Level 5.4 Spellcasting
 - Level 2.0 Conjurations
 - Level 8.0 Necromancy
 * Level 7.3 Translocations
 - Level 1.0 Transmutations
 - Level 1.0 Fire Magic
 - Level 1.9 Air Magic
 - Level 3.0 Poison Magic


You had one spell level left.
You knew the following spells:

 Your Spells              Type           Power      Damage    Failure   Level
a - Animate Dead          Necr           23%        N/A       2%          4
b - Animate Skeleton      Necr           92%        N/A       1%          1
c - Vampiric Draining     Necr           23%        2d9       1%          3
d - Apportation           Tloc           86%        N/A       1%          1
e - Mephitic Cloud        Conj/Pois/Air  18%        N/A       6%          3
f - Blink                 Tloc           N/A        N/A       1%          2
g - Ignite Poison         Fire/Tmut/Pois 15%        N/A       9%          3
h - Manifold Assault      Tloc           43%        N/A       8%          5

Your spell library contained the following spells:

 Spells                   Type           Power      Damage    Failure   Level
 Pain                     Necr           100%       1d9       1%          1
 Magic Dart               Conj           64%        1d6       2%          1
 Shock                    Conj/Air       64%        1d7       2%          1
 Corpse Rot               Necr/Air       62%        N/A       1%          2
 Lesser Beckoning         Tloc           43%        N/A       1%          3
 Passage of Golubria      Tloc           43%        N/A       2%          4
 Poisonous Vapours        Pois/Air       38%        N/A       3%          2
 Static Discharge         Conj/Air       16%        N/A       4%          2
 Agony                    Necr           46%        N/A       6%          5
 Swiftness                Air            16%        N/A       8%          3
 Call Imp                 Summ           6%         N/A       9%          2
 Conjure Flame            Conj/Fire      14%        6-21      9%          3
 Iskenderun's Mystic Bla  Conj/Tloc      30%        2d8       9%          4
 Dazzling Flash           Conj/Hex       22%        N/A       12%         3
 Airstrike                Air            8%         N/A       26%         4
 Sticky Flame             Conj/Fire      14%        2d4       28%         4
 Hailstorm                Conj/Ice       11%        3d5       34%         4
 Ice Form                 Ice/Tmut       9%         N/A       41%         4
 Lightning Bolt           Conj/Air       8%         1d20      54%         5
 Freezing Cloud           Conj/Ice/Air   6%         6-21      65%         5
 Simulacrum               Ice/Necr       13%        N/A       82%         6
 Starburst                Conj/Fire      7%         6d4       98%         6
 Dragon Form              Tmut           5%         N/A       100%        7
 Maxwell's Capacitive Co  Air            8%         ∞         100%        8
 Chain Lightning          Conj/Air       8%         3d10      100%        9
 Fire Storm               Conj/Fire      7%         8d2       100%        9
 Polar Vortex             Ice            3%         N/A       100%        9
 Shatter                  Erth           3%         3d7*      100%        9


Dungeon Overview and Level Annotations

Branches:
Dungeon (13/15)            Temple (1/1) D:7            Lair (6/6) D:8
 Shoals (0/4) Lair:3       Spider (0/4) Lair:3        Slime (0/5) Lair:5
    Orc (2/2) D:12            Elf (0/3) Orc:2
 Vaults: D:13-14

Altars:
Dithmenos
Elyvilon
Fedhas
Gozag
Hepliaklqana
Kikubaaqudgha
Makhleb
Okawaru
Qazlal
Ru
Trog
Uskayaw
Wu Jian
Xom
Zin
The Shining One
Jiyva

Shops:
Orc:2 *!*[=

Annotations:
D:6 1 runed translucent door, jasper's ghost, novice DsCA
D:7 3 runed translucent doors, McGhostyFace's ghost, weakling GnDe
D:8 1 runed translucent door, KoroneIsBestGirl's ghost, novice BaBe
D:9 3 exclusions
D:12 5 runed translucent doors, exclusion: orange crystal statue, timneilson's ghost, journeyman GrFi
Orc:1 1 runed translucent door, Pooter's ghost, journeyman MiHu


Innate Abilities, Weirdness & Mutations

You sometimes gain a little power by taking damage.
Your magical and physical power is slightly enhanced at high health.
You have an extremely huge brain. (Int +4)
Spells you cast and wands you use may paralyse nearby enemies.
Your touch may inflict irresistible damage on your foes.


Message History

A11behringer's ghost is severely damaged.
You feel much better.
A11behringer's ghost is engulfed in blazing flames.
A11behringer's ghost waves a bulging coin purse at you.
A11behringer's ghost hits you.
You feel more protected from physical attacks.
A11behringer's ghost burns you. You block the orc knight's attack.
You regained 16 hp, and now have 42/114 hp.
Casting: Ignite Poison (mildly dangerous; 9% risk of failure)
Confirm with . or Enter, or press ? or * to list all spells.
Okay, then.
You hit a11behringer's ghost.
A11behringer's ghost is severely damaged.
A11behringer's ghost is engulfed in blazing flames.
A11behringer's ghost holds its blade at the ready.
You block a11behringer's ghost's attack.
The orc knight completely misses you.
The orc knight is engulfed in blazing flames.
The orc knight hits you with a +0 long sword.
You feel more protected from physical attacks.
You take 3 damage, and have 39/114 hp.
You sock a11behringer's ghost!
A11behringer's ghost is almost destroyed.
The orc knight seems less confused.
A11behringer's ghost is engulfed in blazing flames.
You block a11behringer's ghost's attack.
You block the orc knight's attack.
The orc knight is engulfed in blazing flames.
The orc knight hits you with a +0 long sword!!
* * * LOW HITPOINT WARNING * * *
You take 24 damage, and have 15/114 hp.
MASSIVE DAMAGE!!
You thump a11behringer's ghost!
You destroy a11behringer's ghost!
Qazlal accepts your kill.
Your Fighting skill increases to level 12!
The orc knight hits you from afar with a +0 bardiche.
* * * LOW HITPOINT WARNING * * *
The orc knight is engulfed in blazing flames.
The orc knight hits you with a +0 long sword!
You die...

##### ### #^# #.#.## ##.###.### #
###....## #...#....## #
##.......# #.........## ###
##........## ###.........##
..###..........###............###
...#...........§.§.......).)...#.
...............°○........[.[[.<[.
..............§☼@............[.#.
........##....○○o§......#.....)#.
.........##......o......##...)...
.......#####...........###.......
........###............###.⌠.⌠...
.[)......#.............##...∩....
.[[........................⌠.⌠...
[)###............#...............
[[.#............#...#.........##.


You could see 2 orc knights.

Vanquished Creatures
  The ghost of a11behringer the Fencer, a journeyman MiFi of Gozag (Orc:2)
  A minotaur (Orc:2)
  Snorg (Lair:6)
  Fannar (D:10)
  Erolcha (D:10)
  A catoblepas (Lair:6)
  5 hydras
  2 boulder beetles (Lair:5)
  A death knight (D:11)
  3 two-headed ogres
  Erica (D:11)
  A deep troll shaman (Lair:6)
  3 orc high priests (Orc:2)
  15 death yaks
  Sonja (Orc:1)
  A deep elf knight (Orc:2)
  A lindwurm (Lair:6)
  Pikel (D:4)
  A deep elf archer (Orc:2)
  5 orc knights
  4 orc sorcerers (Orc:2)
  A cyclops (Orc:1)
  An ugly thing (D:12)
  A manticore (Lair:3)
  6 black mambas
  8 elephants
  Maggie (D:7)
  7 cane toads
  2 gargoyles (D:10)
  3 rime drakes
  An unseen horror (D:11)
  8 komodo dragons
  2 trolls
  4 jumping spiders (Lair:3)
  3 polar bears (Lair:6)
  A wind drake (Lair:3)
  18 blink frogs
  Prince Ribbit (Lair:2)
  9 dream sheep (Lair:6)
  A redback (Lair:3)
  6 wyverns
  3 fire bats (Lair:3)
  53 yaks
  3 basilisks
  5 steam dragons
  10 vampire mosquitoes
  A warg (Orc:2)
  3 acid dragons
  13 water moccasins
  2 black bears
  26 orc warriors
  A sky beast (D:5)
  2 necrophages (D:5)
  22 wolves
  5 ogres
  8 centaurs
  3 phantoms
  3 lemures
  A kobold brigand (D:8)
  9 bullfrogs
  2 wyvern zombies
  10 killer bees
  4 wights (D:7)
  2 centaur zombies
  2 hounds
  4 jellies
  11 orc priests
  A gnoll shaman (D:4)
  2 bullfrog skeletons
  6 iguanas
  21 orc wizards
  2 killer bee zombies
  A howler monkey zombie (D:9)
  9 gnolls
  A howler monkey skeleton (D:5)
  6 adders
  A shadow imp (D:5)
  An ufetubus (D:6)
  4 worms
  60 orcs
  11 endoplasms
  8 giant cockroaches
  5 hobgoblins
  4 quokkas
  8 ball pythons
  5 bats
  5 frilled lizards
  9 goblins
  15 kobolds
  A rat (D:1)
529 creatures vanquished.

Vanquished Creatures (collateral kills)
  2 death yaks (Lair:5)
  An elephant (Lair:4)
  A black mamba (Lair:4)
  A troll (D:10)
5 creatures vanquished.

Vanquished Creatures (others)
  An orc priest (Orc:2)
  2 bushes (D:8)
  24 fungi
  35 plants
  7 toadstools (D:2)
69 creatures vanquished.

Grand Total: 603 creatures vanquished

Notes
Turn   | Place    | Note
-------+----------+-------------------------------------------
     0 | D:1      | jasper the Demonspawn Necromancer began the quest for the
                  | Orb.
     0 | D:1      | Reached XP level 1. HP: 13/13 MP: 3/3
   134 | D:1      | Reached skill level 5 in Necromancy
   134 | D:1      | Gained mutation: Your touch may inflict minor irresistible
                  | damage on your foes. [demonic ancestry]
   134 | D:1      | Reached XP level 2. HP: 10/19 MP: 0/5
   215 | D:1      | Learned a level 1 spell: Animate Skeleton
   429 | D:1      | Found a faded altar of an unknown god.
   473 | D:1      | Prayed at the altar of an unknown god.
   473 | D:1      | Became a worshipper of Qazlal Stormbringer
   473 | D:1      | Reached * piety under Qazlal
   848 | D:1      | Reached skill level 1 in Maces & Flails
  1305 | D:2      | Gained mutation: You sometimes gain a little power by
                  | taking damage. [demonic ancestry]
  1305 | D:2      | Reached XP level 3. HP: 22/24 MP: 4/6
  1500 | D:2      | Reached ** piety under Qazlal
  1761 | D:2      | Learned a level 3 spell: Vampiric Draining
  2261 | D:2      | Gained mutation: Spells you cast may paralyse adjacent
                  | enemies. [demonic ancestry]
  2261 | D:2      | Reached XP level 4. HP: 25/30 MP: 5/7
  3522 | D:2      | Gained mutation: Spells you cast may paralyse nearby
                  | enemies. [demonic ancestry]
  3522 | D:2      | Reached XP level 5. HP: 14/35 MP: 1/8
  5363 | D:4      | Got the Incunabulum of Dislocation and Transmutation
  5430 | D:4      | Reached *** piety under Qazlal
  5523 | D:4      | Noticed a phantom
  5536 | D:4      | Killed a phantom
  5537 | D:4      | Gained mutation: Spells you cast and wands you use may
                  | paralyse nearby enemies. [demonic ancestry]
  5537 | D:4      | Reached XP level 6. HP: 41/41 MP: 9/9
  5655 | D:4      | Reached skill level 1 in Staves
  6311 | D:4      | Found an ancient bone altar of Kikubaaqudgha.
  6906 | D:5      | Entered Level 5 of the Dungeon
  6910 | D:5      | Reached skill level 1 in Fighting
  6910 | D:5      | Reached skill level 2 in Staves
  6910 | D:5      | Reached skill level 1 in Armour
  6910 | D:5      | Gained mutation: You have an unusually large brain. (Int
                  | +2) [demonic ancestry]
  6910 | D:5      | Reached XP level 7. HP: 48/48 MP: 10/10
  6937 | D:5      | Identified the ring of Ettar {Wiz Int+4 SInv}
  6959 | D:5      | Learned a level 4 spell: Animate Dead
  6961 | D:5      | Learned a level 1 spell: Apportation
  7057 | D:5      | Found an iron altar of Okawaru.
  7117 | D:5      | Noticed Pikel
  7129 | D:5      | Reached skill level 3 in Staves
  7268 | D:4      | Killed Pikel
  7269 | D:4      | Reached skill level 4 in Staves
  7269 | D:4      | Reached XP level 8. HP: 27/58 MP: 2/11
  7727 | D:5      | Reached skill level 5 in Staves
  8266 | D:6      | Found an ornate altar of the Wu Jian Council.
  8377 | D:6      | Gained mutation: You have an extremely huge brain. (Int +4)
                  | [demonic ancestry]
  8377 | D:6      | Reached XP level 9. HP: 65/65 MP: 5/12
  8381 | D:6      | Learned a level 3 spell: Mephitic Cloud
  8573 | D:6      | Noticed jasper's ghost (novice DsCA)
  8577 | D:6      | Found a runed translucent door.
  8648 | D:6      | Found a hide-covered altar of Uskayaw.
  8950 | D:7      | Reached **** piety under Qazlal
  8957 | D:7      | Reached skill level 6 in Staves
  8993 | D:7      | Found a staircase to the Ecumenical Temple.
  9143 | D:6      | Reached skill level 5 in Fighting
  9143 | D:6      | Reached skill level 5 in Dodging
  9145 | D:6      | Reached skill level 7 in Staves
  9250 | D:7      | Noticed Maggie
  9303 | D:7      | Killed Maggie
  9304 | D:7      | Reached skill level 5 in Armour
  9401 | D:7      | Found a hazy altar of Hepliaklqana.
  9434 | D:7      | Found a runed translucent gate.
  9435 | D:7      | Found a runed translucent gate.
  9457 | D:7      | Found a runed translucent gate.
  9458 | D:7      | Noticed McGhostyFace's ghost (weakling GnDe)
  9478 | D:7      | Found a blossoming altar of Fedhas.
  9480 | D:7      | Found a burning altar of Makhleb.
  9702 | D:8      | Found a shadowy altar of Dithmenos.
  9725 | D:8      | Reached skill level 8 in Staves
  9725 | D:8      | Reached XP level 10. HP: 67/74 MP: 13/13
 10152 | D:8      | Reached skill level 9 in Staves
 10211 | D:8      | Reached skill level 10 in Staves
 10293 | D:8      | Reached ***** piety under Qazlal
 10541 | D:8      | Found a staircase to the Lair.
 10545 | D:8      | Found a bloodstained altar of Trog.
 10713 | D:8      | Found a runed translucent door.
 10914 | D:8      | Reached skill level 11 in Staves
 11001 | D:8      | Found a sacrificial altar of Ru.
 11078 | D:8      | Found a shimmering altar of Xom.
 11090 | D:8      | Noticed KoroneIsBestGirl's ghost (novice BaBe)
 11132 | Lair:1   | Entered Level 1 of the Lair of Beasts
 11196 | Lair:1   | Noticed a black mamba
 11207 | Lair:1   | Killed a black mamba
 11356 | D:9      | Reached XP level 11. HP: 79/79 MP: 7/14
 11597 | D:9      | Reached skill level 12 in Staves
 11793 | D:7      | Identified the +0 ring mail "Qossoid" {rF+ Will- Regen+}
 11804 | Temple   | Entered the Ecumenical Temple
 12036 | D:9      | Noticed a lindwurm
 12580 | D:10     | Entered Level 10 of the Dungeon
 12602 | D:10     | Noticed Fannar
 12610 | D:10     | Killed Fannar
 12820 | D:10     | Noticed Erolcha
 12841 | D:10     | Reached skill level 13 in Staves
 12847 | D:10     | Killed Erolcha
 13187 | D:10     | Noticed a two-headed ogre
 13198 | D:10     | Killed a two-headed ogre
 13618 | D:10     | Learned a level 2 spell: Blink
 13782 | D:11     | Noticed a death knight
 13798 | D:10     | Reached skill level 1 in Poison Magic
 14124 | D:11     | Noticed a two-headed ogre
 14129 | D:11     | Killed a two-headed ogre
 14130 | D:11     | Reached skill level 1 in Conjurations
 14130 | D:11     | Reached skill level 1 in Air Magic
 14229 | D:11     | Noticed Erica
 14245 | D:11     | Killed Erica
 14516 | D:11     | Killed a death knight
 14517 | D:11     | Gained mutation: Your touch may inflict irresistible damage
                  | on your foes. [demonic ancestry]
 14517 | D:11     | Reached XP level 12. HP: 43/87 MP: 8/15
 14730 | D:11     | Found a hide-covered altar of Uskayaw.
 15159 | D:12     | Noticed a two-headed ogre
 15166 | D:12     | Killed a two-headed ogre
 15274 | D:12     | Found a staircase to the Orcish Mines.
 15442 | D:12     | Found a runed translucent gate.
 15442 | D:12     | Found a runed translucent gate.
 15442 | D:12     | Found a runed translucent gate.
 15445 | D:12     | Noticed timneilson's ghost (journeyman GrFi)
 15650 | D:12     | Found the +10 tower shield of Ignorance {rN+ Int-4}
 15651 | D:12     | Found a runed translucent door.
 15676 | D:12     | Found a runed translucent door.
 16096 | Orc:1    | Entered Level 1 of the Orcish Mines
 16534 | Orc:1    | Noticed Sonja
 16543 | Orc:1    | Killed Sonja
 16874 | Orc:1    | Found a runed translucent door.
 16900 | Orc:1    | Noticed Pooter's ghost (journeyman MiHu)
 17604 | Lair:1   | Reached skill level 1 in Translocations
 18052 | Lair:2   | Noticed Prince Ribbit
 18063 | Lair:2   | Killed Prince Ribbit
 18169 | Lair:2   | Noticed a seven-headed hydra
 18185 | Lair:2   | Reached ****** piety under Qazlal
 18192 | Lair:2   | Killed a seven-headed hydra
 18415 | Lair:2   | Noticed a death yak
 18415 | Lair:2   | Noticed a death yak
 18417 | Lair:2   | Noticed a death yak
 18418 | Lair:2   | Noticed a death yak
 18422 | Lair:2   | Noticed a death yak
 18427 | Lair:2   | Killed a death yak
 18430 | Lair:2   | Killed a death yak
 18434 | Lair:2   | Killed a death yak
 18435 | Lair:2   | Gained mutation: Your magical and physical power is
                  | slightly enhanced at high health. [demonic ancestry]
 18435 | Lair:2   | Reached XP level 13. HP: 59/100 MP: 3/18
 18454 | Lair:1   | Learned a level 3 spell: Ignite Poison
 19705 | Lair:3   | Found a staircase to the Shoals.
 19779 | Lair:3   | Reached skill level 10 in Fighting
 19955 | Lair:3   | Found a hole to the Spider Nest.
 20442 | Lair:4   | Reached skill level 5 in Spellcasting
 20450 | Lair:4   | Learned a level 5 spell: Manifold Assault
 20660 | Lair:4   | Reached skill level 1 in Fire Magic
 21312 | Lair:5   | Reached skill level 1 in Transmutations
 21686 | Lair:5   | Reached XP level 14. HP: 53/111 MP: 21/21
 22219 | Lair:5   | Found a staircase to the Slime Pits.
 22219 | Lair:5   | Found a viscous altar of Jiyva.
 22479 | Lair:5   | You fall into a shaft and drop 1 floor!
 22479 | Lair:6   | Entered Level 6 of the Lair of Beasts
 23273 | Lair:6   | Reached skill level 5 in Translocations
 23612 | Lair:6   | Noticed Snorg
 23620 | Lair:6   | Killed Snorg
 24658 | Orc:2    | Entered Level 2 of the Orcish Mines
 24658 | Orc:2    | Found a burning altar of Makhleb.
 24757 | Orc:2    | Found a staircase to the Elven Halls.
 24922 | Orc:2    | Found Leel Bun's Jewellery Shop.
 25670 | Orc:2    | Paralysed by an orc sorcerer for 3 turns
 26083 | Orc:2    | Found Ykuox's Armour Boutique.
 26083 | Orc:2    | Found Uzicwal's Assorted Antiques.
 26084 | Orc:2    | Found Eptal's Distillery.
 26084 | Orc:2    | Found Myol's General Store.
 26093 | Orc:2    | Bought 2 potions of curing for 96 gold pieces
 26113 | Orc:2    | Bought a potion of ambrosia for 128 gold pieces
 26113 | Orc:2    | Bought 2 potions of lignification for 96 gold pieces
 26113 | Orc:2    | Bought a potion of curing for 48 gold pieces
 26113 | Orc:2    | Bought a potion of curing for 48 gold pieces
 26113 | Orc:2    | Bought a potion of heal wounds for 80 gold pieces
 26113 | Orc:2    | Bought a potion of might for 64 gold pieces
 26113 | Orc:2    | Bought a potion of haste for 160 gold pieces
 26113 | Orc:2    | Bought 2 potions of lignification for 96 gold pieces
 26113 | Orc:2    | Bought a potion of lignification for 48 gold pieces
 26121 | Orc:2    | Bought 3 scrolls of magic mapping for 168 gold pieces
 26121 | Orc:2    | Bought a scroll of magic mapping for 56 gold pieces
 26121 | Orc:2    | Bought a potion of lignification for 48 gold pieces
 26160 | Orc:2    | Bought the ring "Kelig" {*Corrode rElec rPois Will+ SInv}
                  | for 496 gold pieces
 26349 | Orc:2    | Found a runed translucent gate.
 26349 | Orc:2    | Found a runed translucent gate.
 26350 | Orc:2    | Found a runed translucent gate.
 26350 | Orc:2    | Noticed a11behringer's ghost (journeyman MiFi)
 26729 | Orc:2    | Found an iron altar of Okawaru.
 26754 | Orc:2    | HP: 3/114 [orc knight (33)]
 27123 | Orc:2    | Killed a11behringer's ghost
 27124 | Orc:2    | Mangled by an orc knight

Illustrated notes

Levels and vault maps discovered:
D:1:      dpeg_arrival_round_a, layout_rooms, chequers_ecumenical_altar_simple
D:2:      cheibrodos_fertilizer, layout_basic
D:3:      layout_basic, due_unseen_surprise
D:4:      kennysheep_six_static_rooms, layout_basic,
          mainiacjoe_overflow_brackets
D:5:      layout_cave_pools, marbit_many_paths, uniq_pikel
D:6:      layout_cave_pools, lemuel_doored_altar, overflow_temple_1_default,
          hellmonk_ghost_happy_afterlife
D:7:      layout_gridville, old_standard_altar,
          mainiacjoe_overflow_catwalk_spiral, minmay_temple_entry_sparse_star,
          ebering_ghost_rock_garden, uniq_crazy_yiuf_cottage, uniq_maggie
D:8:      layout_basic, lightli_temple_of_fire, nicolae_dithmenos_shadow_blocks,
          mainiacjoe_overflow_swirl, minmay_lair_entry_grove,
          ebering_ghost_reflecting_pool
D:9:      lemuel_flame_loot_2, layout_cave_pools
D:10:     layout_gridville, mainiacjoe_overflow_alcove_2,
          nicolae_tso_carved_into_rock, uniq_erolcha, uniq_fannar
D:11:     layout_stronghold, eat_drink_and_be_merry_uskayaw, uniq_erica
D:12:     layout_roguey, david_orc_2, gammafunk_ghost_necromancy,
          chequers_guarded_unrand_ignorance
D:13:     layout_layer_cave, hellmonk_guarded_unrand_rift
Temple:   dpeg_three_leaves_temple
Lair:1:   layout_loops_ring
Lair:2:   layout_long_grid, grunt_megastairs_5, uniq_prince_ribbit2
Lair:3:   layout_gridlike, minmay_shoals_entry_beasts,
          nicolae_spider_entry_tight_spaces, serial_bayou_shore_b,
          serial_bayou_shore_b
Lair:4:   layout_small_grid
Lair:5:   layout_hall_layers, slime_altar_1
Lair:6:   grunt_lair_end_beastmaster, layout_regular_city, hibernation_bobbens,
          infiniplex_staircase_pool_2, uniq_snorg
Orc:1:    layout_caves, ebering_ghost_reflecting_pool, uniq_sonja
Orc:2:    st_orc_elflike, layout_diamond_mine, serial_shops, shop_fountains,
          basic_altar, gammafunk_ghost_fury_of_okawaru

Skill      XL: |  1  2  3  4  5  6  7  8  9 10 11 12 13 14 |
---------------+-------------------------------------------+-----
Necromancy     | 5 6 7 8 |  8.0
Maces & Flails | 1 2 |  2.2
Staves         | 2 4 5 8 11 13 | 13.9
Dodging        | 2 3 4 5 6 8 9 |  9.5
Fighting       | 1 3 4 5 8 10 12 | 12.0
Armour         | 1 2 3 5 6 8 9 |  9.4
Poison Magic   | 1 3 |  3.0
Conjurations   | 1 2 |  2.0
Air Magic      | 1 |  1.9
Translocations | 1 3 7 |  7.3
Spellcasting   | 3 5 |  5.4
Fire Magic     | 1 |  1.0
Transmutations | 1 |  1.0
Stealth        | |  1.7

Action                   |  1- 3 |  4- 6 |  7- 9 | 10-12 | 13-15 || total
-------------------------+-------+-------+-------+-------+-------++-------
Melee: Unarmed           |    18 |       |       |       |       ||    18
       Flail             |    51 |    87 |       |       |       ||   138
       Touch             |     7 |    16 |       |       |       ||    23
       Quarterstaff      |       |    92 |   202 |   680 |   632 ||  1606
 Cast: Pain              |    47 |     1 |       |       |       ||    48
       Vampiric Draining |       |     9 |    18 |    42 |    35 ||   104
       Animate Dead      |       |       |     2 |     4 |     3 ||     9
       Mephitic Cloud    |       |       |     1 |    15 |    31 ||    47
       Animate Skeleton  |       |       |       |     1 |     1 ||     2
       Ignite Poison     |       |       |       |       |    26 ||    26
       Blink             |       |       |       |       |     2 ||     2
       Manifold Assault  |       |       |       |       |     5 ||     5
Evoke: Wand              |       |     6 |     7 |       |       ||    13
  Use: Scroll            |       |     5 |     3 |    19 |     3 ||    30
       Potion            |       |     1 |       |     1 |     3 ||     5
 Stab: Paralysed         |       |     3 |    24 |    37 |    43 ||   107
       Confused          |       |       |       |     9 |     4 ||    13
Armor: Robe              |    29 |       |       |       |       ||    29
       Ring mail         |    13 |    83 |   104 |       |       ||   200
       Swamp dragon scal |       |       |    14 |   259 |   223 ||   496
Dodge: Dodged            |    59 |    95 |   141 |   344 |   293 ||   932
       Repelled          |       |       |       |    10 |     3 ||    13
Block: Other             |     5 |    14 |    56 |   200 |   204 ||   479

Table legend: (Time is in decaauts)
 A = Elapsed time spent in this place.
 B = Non-inter-level travel time spent in this place.
 C = Inter-level travel time spent in this place.
 D = Time resting spent in this place.
 E = Time spent auto-exploring this place.
 F = Levels seen in this place.
 G = Mean time per level.
                   A        B        C        D        E       F      G
               +--------+--------+--------+--------+--------+-----+--------+
         Total |  26795 |  25378 |   1417 |   4325 |  16560 |  22 | 1218.0 |
       Dungeon |  16292 |  15324 |    968 |   3041 |   9649 |  13 | 1253.2 |
        Temple |      1 |      1 |      0 |      0 |      0 |   1 |    1.0 |
          Lair |   7412 |   7107 |    305 |    702 |   5141 |   6 | 1235.3 |
  Orcish Mines |   3089 |   2946 |    143 |    582 |   1770 |   2 | 1544.5 |
               +--------+--------+--------+--------+--------+-----+--------+

Top non-repeatable levels by time:
     D:2: 2574 daAuts
     D:4: 2201 daAuts
     D:8: 1825 daAuts
   Orc:1: 1660 daAuts
  Lair:4: 1460 daAuts
  Lair:6: 1444 daAuts
   Orc:2: 1428 daAuts
    D:10: 1276 daAuts
     D:1: 1266 daAuts
    D:11: 1240 daAuts
     D:3: 1204 daAuts
  Lair:3: 1182 daAuts
  Lair:1: 1152 daAuts
  Lair:5: 1104 daAuts
    D:12: 1071 daAuts
